 Dungeon Crawl Stone Soup version 0.22.1-6-g1668fe2 (webtiles) character file.

39 Fang the Skirmisher (level 3, -1/36 HPs)
             Began as a Gargoyle Berserker on Feb 7, 2019.
             Was a Believer of Trog.
             Slain by a worm (9 damage)
             ... on level 2 of the Dungeon.
             The game lasted 00:01:31 (905 turns).

Fang the Skirmisher (Gargoyle Berserker)             Turns: 905, Time: 00:01:32

Health: -1/36      AC:  5    Str: 26    XL:     3   Next: 47%
Magic:  3/3        EV: 12    Int:  7    God:    Trog [**....]
Gold:   41         SH:  0    Dex:  9    Spells: 2/2 levels left

rFire    . . .     SeeInvis .   a - +0 hand axe
rCold    . . .     Gourm    .   (no shield)
rNeg     + . .     Faith    .   b - +0 animal skin
rPois    ∞         Spirit   .   (no helmet)
rElec    +         Reflect  .   (no cloak)
rCorr    .         Harm     .   (no gloves)
MR       .....     Rnd*Tele +   (no boots)
Stlth    ..........             (no amulet)
HPRegen  0.12/turn              f - ring of teleportation (curse)
MPRegen  0.08/turn              (no ring)

@: berserking, very quick
A: negative energy resistance 1, electricity resistance, unbreathing,
petrification resistance, rot immunity, AC +3
a: Berserk, Trog's Hand, Renounce Religion


You were on level 2 of the Dungeon.
You worshipped Trog.
Trog was pleased with you.
You were hungry.

You visited 1 branch of the dungeon, and saw 2 of its levels.

You collected 41 gold pieces.

Inventory:

Hand Weapons
 a - a +0 hand axe (weapon)
Armour
 b - a +0 animal skin (worn)
Jewellery
 f - a cursed ring of teleportation (left hand)
 j - an uncursed amulet of rage {unknown}
Scrolls
 e - a scroll of remove curse {unknown}
 g - a scroll of random uselessness {unknown}
 h - a scroll of immolation {unknown}
 i - a scroll of enchant armour {unknown}
Potions
 k - 2 potions of might {unknown}
 l - a potion of lignification {unknown}
Comestibles
 c - a ration
 d - 2 chunks of flesh


   Skills:
 + Level 3.7 Fighting
 + Level 3.1 Axes
 + Level 2.8 Armour
 + Level 2.0 Dodging


You had 2 spell levels left.
You didn't know any spells.
Your spell library was empty.

Dungeon Overview and Level Annotations

Branches:
Dungeon (2/15)

Altars:


Innate Abilities, Weirdness & Mutations

You are resistant to torment.
Your stone body is resilient. (AC +3)
You are immune to poison.
You resist negative energy. (rN+)
You are resistant to electric shocks. (rElec)
You can survive without breathing.
You are immune to petrification.
You are immune to rotting.


Message History

You hit the worm.
The worm is heavily wounded.
You hit the quokka. The quokka closely misses you. The worm bites you.
You are too injured to fight recklessly!
There are monsters nearby!
There are monsters nearby!
There are monsters nearby!
You are too injured to fight recklessly!
You are too injured to fight recklessly!
You are too injured to fight recklessly!
You are too injured to fight recklessly!
The quokka barely misses you. The worm bites you.
* * * LOW HITPOINT WARNING * * *
The quokka barely misses you.
A red film seems to cover your vision as you go berserk!
You feel yourself moving faster!
You feel mighty!
You are feeling hungry.
The quokka closely misses you. The worm bites you!
You die...

##### #.# #..... ##
.... #.####.#.## ##.
#).......# ...
##........### ....
#...........# .....
##...........##>....
#.............[!...#
(........†...........
%............r@##..
.##.........†w.#
#.......%....#
...............
#...##.......... #...
#..........#
#..........#
#..........#


You could see a worm and a quokka.

Vanquished Creatures
  An adder (D:2)
  A leopard gecko (D:2)
  A ball python (D:2)
  2 giant cockroaches (D:1)
  4 hobgoblins
  9 kobolds
  5 bats
  3 frilled lizards
  4 goblins
  3 rats (D:1)
33 creatures vanquished.

Notes
Turn   | Place    | Note
-------+----------+-------------------------------------------
     0 | D:1      | Fang the Gargoyle Berserker began the quest for the Orb.
     0 | D:1      | Reached XP level 1. HP: 14/14 MP: 1/1
    69 | D:1      | Reached XP level 2. HP: 10/19 MP: 2/2
   418 | D:1      | Reached ** piety under Trog
   618 | D:2      | Reached XP level 3. HP: 12/24 MP: 3/3
   905 | D:2      | Slain by a worm

Skill      XL: |  1  2 |
---------------+-------+-----
Axes           | 3 |  3.1
Dodging        | 2 |  2.0
Fighting       | |  3.7
Armour         | |  2.8

Action                   || total
-------------------------++-------
Melee: Hand axe          ||    92
Invok: Berserk           ||     1
Armor: Animal skin       ||    48
Dodge: Dodged            ||    79
